 Dungeon Crawl Stone Soup version 0.27.1-34-g3ba077fa99 (webtiles) character file.

Game seed: 4770800471705132784

195262 boopmooplesden the Severer (level 17, -4/163 HPs)
             Began as a Minotaur Fighter on Jan 12, 2022.
             Was the Champion of Okawaru.
             Slain by the Royal Jelly (7 damage)
             ... on level 5 of the Pits of Slime.
             The game lasted 01:00:17 (22573 turns).

boopmooplesden the Severer (Minotaur Fighter)      Turns: 22573, Time: 01:00:18

Health: -4/163     AC: 24    Str: 22    XL:     17   Next: 70%
Magic:  11/19      EV: 12    Int:  6    God:    Okawaru [******]
Gold:   3213       SH: 19    Dex: 21    Spells: 16/16 levels left

rFire    + . .     SeeInvis +   Y - +9 war axe "Uleredeo" {vorpal, +Blink Dex+2}
rCold    + . .     Faith    .   c - +3 kite shield
rNeg     . . .     Spirit   .   G - +8 plate armour of Xeobekhli {-Tele Will+ Regen+ Dex+2}
rPois    +         Reflect  .   U - +0 mask of the Dragon {Will+ Slay+3 SInv}
rElec    +         Harm     .   V - scarf {rC+ rF+}
rCorr    +         Rampage  .   v - +2 pair of gloves
Will     +++..     NoTele   +   E - +0 pair of boots
Stlth    ..........             (no amulet)
HPRegen  1.37/turn              i - ring "Wadaa" {rElec rCorr Dex+4}
MPRegen  0.16/turn              D - ring of poison resistance

@: no status effects
A: horns 2, retaliatory headbutt, hooves 1, deformed body, deterioration 1, high
mp 1, screaming 1, weak 1, no potion heal 1
}: 1/15 runes: gossamer
a: Renounce Religion, Evoke Blink, Heroism, Finesse


You were on level 5 of the Pits of Slime.
You worshipped Okawaru.
Okawaru was exalted by your worship.
You visited 6 branches of the dungeon, and saw 33 of its levels.
You also visited: Bailey and Ice Cave.

You collected 3476 gold pieces.
You spent 263 gold pieces at shops.

Inventory:

Hand Weapons
 a - a +3 broad axe of flaming
 b - the +4 hunting sling "Death Rattle" {vorpal, Stlth+}
   (Okawaru gifted it to you on level 6 of the Lair of Beasts)

   Any ammunition fired from it inflicts extra damage upon your enemies.
   Stlth:     It makes you more stealthy.
 g - the +9 hand crossbow of Ytsood {freeze, *Slow rElec rN+++ Int+3}
   (You found it on level 2 of the Spider Nest)

   Any ammunition fired from it freezes those it strikes, dealing additional
   cold damage.
   It can also slow down cold-blooded creatures.
   Int:       It affects your intelligence (+3).
   rElec:     It insulates you from electricity.
   rN:        It renders you almost immune to negative energy.
   *Slow:     It may slow you when you take damage.
 u - a +2 executioner's axe of electrocution
 C - the +6 war axe of the Kidney {speed, Will+ Int+3 Stlth+}
   (You bought it in a shop on level 2 of the Orcish Mines)

   Attacks with this weapon are significantly faster.
   Int:       It affects your intelligence (+3).
   Will:      It increases your willpower.
   Stlth:     It makes you more stealthy.
 J - the +11 spear "Hiagap" {vorpal, SInv}
   (You found it on level 9 of the Dungeon)

   It inflicts extra damage upon your enemies.
   SInv:      It lets you see invisible.
 Y - the +9 war axe "Uleredeo" (weapon) {vorpal, +Blink Dex+2}
   (Okawaru gifted it to you on level 1 of the Lair of Beasts)

   It inflicts extra damage upon your enemies.
   Dex:       It affects your dexterity (+2).
   +Blink:    It lets you blink.
Missiles
 k - 6 boomerangs of dispersal (quivered)
 S - 3 throwing nets
Armour
 c - a +3 kite shield (worn)
 v - a +2 pair of gloves (worn)
 A - a +2 cloak of willpower
 E - a +0 pair of boots (worn)
 G - the +8 plate armour of Xeobekhli (worn) {-Tele Will+ Regen+ Dex+2}
   (Okawaru gifted it to you on level 2 of the Lair of Beasts)

   Dex:       It affects your dexterity (+2).
   -Tele:     It prevents most forms of teleportation.
   Regen:     It increases your rate of health regeneration.
   Will:      It increases your willpower.
 U - the +0 mask of the Dragon (worn) {Will+ Slay+3 SInv}
   (You found it in a bailey)

   Slay:      It affects your accuracy & damage with ranged weapons and melee
   (+3).
   SInv:      It lets you see invisible.
   Will:      It increases your willpower.
 V - a scarf of resistance (worn)
Jewellery
 i - the ring "Wadaa" (left hand) {rElec rCorr Dex+4}
   (You found it in an ice cave)

   [ring of resist corrosion]

   Dex:       It affects your dexterity (+4).
   rElec:     It insulates you from electricity.
   rCorr:     It protects you from acid and corrosion.
 m - an amulet of guardian spirit
 D - a ring of poison resistance (right hand)
 F - a +6 ring of strength
 R - an amulet of magic regeneration
Wands
 s - a wand of acid (7)
 y - a wand of flame (42)
 M - a wand of digging (14)
 P - a wand of paralysis (9)
 Q - a wand of iceblast (4)
 X - a wand of polymorph (10)
 Z - a wand of mindburst (21)
Scrolls
 f - 16 scrolls of identify
 h - 2 scrolls of summoning
 p - 9 scrolls of teleportation
 O - 2 scrolls of fog {unknown}
 W - 5 scrolls of magic mapping
Potions
 d - 6 potions of might
 e - a potion of invisibility
 j - 4 potions of lignification {unknown}
 n - 3 potions of brilliance {unknown}
 o - 3 potions of magic {unknown}
 q - 7 potions of heal wounds
 r - 4 potions of flight {unknown}
 w - 8 potions of curing {unknown}
 x - a potion of resistance {unknown}
 B - 3 potions of berserk rage {unknown}
 H - 5 potions of attraction {unknown}
 I - 3 potions of ambrosia
 K - 3 potions of degeneration {unknown}
 L - 3 potions of cancellation {unknown}
 N - a potion of haste
Miscellaneous
 l - a tin of tremorstones (2/2)
 t - a phantom mirror
 z - a piece from Xom's chessboard (15/15)
 T - a box of beasts


   Skills:
 + Level 17.7 Fighting
 + Level 20.0 Axes
 + Level 0.3 Throwing
 + Level 14.6 Armour
 + Level 8.0 Dodging
 + Level 3.7 Stealth
 + Level 19.1 Shields
 + Level 1.6 Invocations
 + Level 1.8 Evocations


You had 16 spell levels left.
You didn't know any spells.
Your spell library contained the following spells:

 Spells                   Type           Power      Damage    Failure   Level
 Beastly Appendage        Tmut           0%         N/A       99%         1
 Corona                   Hex            0%         N/A       99%         1
 Magic Dart               Conj           0%         1d3       99%         1
 Sandblast                Erth           0%         2d4       99%         1
 Corpse Rot               Necr/Air       N/A        N/A       100%        2
 Ensorcelled Hibernation  Hex/Ice        0%         N/A       100%        2
 Passwall                 Tmut/Erth      0%         N/A       100%        2
 Poisonous Vapours        Pois/Air       0%         N/A       100%        2
 Wereblood                Tmut           0%         N/A       100%        2
 Conjure Flame            Conj/Fire      0%         6-21      100%        3
 Dazzling Flash           Conj/Hex       0%         N/A       100%        3
 Gell's Gravitas          Tloc           0%         N/A       100%        3
 Lesser Beckoning         Tloc           0%         N/A       100%        3
 Spider Form              Tmut/Pois      0%         N/A       100%        3
 Swiftness                Air            0%         N/A       100%        3
 Teleport Other           Tloc           0%         N/A       100%        3
 Tukima's Dance           Hex            0%         N/A       100%        3
 Hailstorm                Conj/Ice       0%         3d3       100%        4
 Ice Form                 Ice/Tmut       0%         N/A       100%        4
 Passage of Golubria      Tloc           N/A        N/A       100%        4
 Agony                    Necr           0%         N/A       100%        5
 Freezing Cloud           Conj/Ice/Air   0%         6-21      100%        5
 Lee's Rapid Deconstruct  Erth           0%         3d5*      100%        5
 Lightning Bolt           Conj/Air       0%         1d11      100%        5
 Silence                  Hex/Air        0%         N/A       100%        5
 Summon Forest            Summ/Tloc      0%         N/A       100%        5
 Conjure Ball Lightning   Conj/Air       0%         3x3d6     100%        6
 Dispersal                Tloc           0%         N/A       100%        6
 Eringya's Noxious Bog    Tmut/Pois      0%         N/A       100%        6
 Invisibility             Hex            0%         N/A       100%        6
 Simulacrum               Ice/Necr       0%         N/A       100%        6
 Summon Hydra             Summ           0%         N/A       100%        7
 Discord                  Hex            0%         N/A       100%        8
 Disjunction              Tloc           0%         N/A       100%        8
 Lehudib's Crystal Spear  Conj/Erth      0%         10d2      100%        8
 Polar Vortex             Ice            0%         N/A       100%        9


Dungeon Overview and Level Annotations

Branches:
Dungeon (15/15)            Temple (1/1) D:7            Lair (6/6) D:11
  Swamp (0/4) Lair:4       Spider (4/4) Lair:4        Slime (5/5) Lair:6
    Orc (2/2) D:9             Elf (0/3) Orc:2        Vaults (0/5) D:14
 Depths (0/5) D:15         Bailey (visited)           IceCv (visited)

Altars:
Ashenzari
Cheibriados
Dithmenos
Elyvilon
Fedhas
Gozag
Makhleb
Nemelex Xobeh
Okawaru
Qazlal
Sif Muna
Trog
Uskayaw
Vehumet
Wu Jian
Xom
Yredelemnul
The Shining One

Shops:
D:1 (?   Orc:2 *[[(

Annotations:
Slime:5 Royal Jelly


Innate Abilities, Weirdness & Mutations

You have a pair of horns on your head.
You reflexively headbutt those who attack you in melee.
You have large cloven feet.
Armour fits poorly on your strangely shaped body.
Your body sometimes deteriorates upon taking damage.
You have an increased reservoir of magic. (+10% MP)
You occasionally shout uncontrollably at your foes.
You are weak. (Str -2)
Potions are less effective at restoring your health.


Message History

The azure jelly jiggles.
The acid blob spits acid at you. The splash of acid hits you. You resist.
* * * LOW HITPOINT WARNING * * *
You are splashed with acid.
You resist.
* * * LOW HITPOINT WARNING * * *
You block the quicksilver ooze's attack.
The quicksilver ooze barely misses you.
You slash the azure jelly!
The azure jelly is lightly wounded.
You slash the acid blob!
Your hands burn!
* * * LOW HITPOINT WARNING * * *
You hit the Royal Jelly but do no damage.
Your hands burn!
* * * LOW HITPOINT WARNING * * *
You slash the quicksilver ooze! x2; The Royal Jelly closely misses you.
You furiously retaliate!
You headbutt the Royal Jelly!
The Royal Jelly shudders.
The Royal Jelly spits out another jelly.
You block the Royal Jelly's attack.
The azure jelly hits you but does no damage.
The azure jelly misses you. The azure jelly hits you.
* * * LOW HITPOINT WARNING * * *
You block the azure jelly's attack. The quicksilver ooze hits you. x2
* * * LOW HITPOINT WARNING * * *
You feel your power leaking away. You block the acid blob's attack.
You block the quicksilver ooze's attack.
The quicksilver ooze completely misses you.
You slash the Royal Jelly!
Your hands burn!
* * * LOW HITPOINT WARNING * * *
The Royal Jelly is heavily wounded.
You hit the acid blob.
Your hands burn!
* * * LOW HITPOINT WARNING * * *
You closely miss the azure jelly. You closely miss the quicksilver ooze.
You hit the quicksilver ooze but do no damage.
The Royal Jelly shudders.
The Royal Jelly spits out another jelly.
The Royal Jelly hits you!
You die...

#.....................
##.....................
#..<...................
........................
........................
........................
..................J.....
..............JJJJ......
............###J@##....
............# ##J# ##.
.........### #JJ#
........# ##J# ......###
J# .....# ## ..... .##
.#)


You could see the Royal Jelly, an acid blob, 5 azure jellies, a slime creature,
a rockslime and 2 quicksilver oozes.

Vanquished Creatures
  4 acid blobs
  Gastronok (Lair:1)
  2 ghost moths (Spider:4)
  10 emperor scorpions
  2 orc warlords
  3 quicksilver oozes
  Nessos (D:15)
  A white draconian (IceCv)
  2 entropy weavers (Spider:2)
  2 spark wasps (Spider:3)
  An ettin (Orc:2)
  A fire dragon (Lair:6)
  Snorg (Lair:6)
  2 great orbs of eyes
  6 boulder beetles
  16 hydras
  4 ogre magi (Orc:2)
  2 catoblepae (Lair:6)
  6 centaur warriors
  Erica (D:8)
  13 two-headed ogres
  2 tengu warriors (D:15)
  Sonja (Lair:6)
  3 skeletal warriors (D:8)
  A fire crab (Lair:6)
  2 deep trolls (D:15)
  A bog body (Lair:4)
  A wizard (D:15)
  A swamp dragon (Lair:6)
  Pikel (D:5)
  A necromancer (D:15)
  5 deep elf pyromancers
  15 ugly things
  19 wolf spiders
  5 oklob plants
  4 orc sorcerers
  2 moths of wrath
  15 orb spiders
  2 manticores
  5 cyclopes
  5 shining eyes
  4 black mambas
  5 elephants (Lair:3)
  2 eyes of devastation
  2 gargoyles
  2 ice statues (IceCv)
  12 cane toads
  Maggie (Lair:1)
  An unseen horror (D:12)
  A torpor snail (Lair:3)
  13 komodo dragons
  8 rime drakes
  8 demonic crawlers
  2 efreet
  Psyche (D:8)
  A tengu conjurer (D:9)
  28 jumping spiders
  4 trolls
  17 polar bears
  2 raiju (Lair:6)
  3 dream sheep
  12 hornets
  26 blink frogs
  19 slime creatures
  A centaur simulacrum (D:10)
  A water elemental (D:11)
  Sigmund (D:4)
  3 shadows
  A spriggan (Lair:2)
  23 tarantellas
  A wraith (D:12)
  56 redbacks
  3 hogs (D:9)
  A redback (shapeshifter) (D:15)
  8 basilisks
  7 wyverns
  54 yaks
  2 steam dragons (Lair:6)
  9 wargs
  4 vampire mosquitoes (D:14)
  A warg (shapeshifter) (D:14)
  13 hell hounds (Lair:6)
  An acid dragon (shapeshifter) (D:14)
  A floating eye (shapeshifter) (D:14)
  11 water moccasins
  A hornet zombie (D:5)
  18 orc warriors
  2 swamp drakes (Lair:6)
  17 black bears
  30 ogres
  35 wolves
  9 centaurs
  A lemure (D:5)
  A kobold brigand (D:4)
  17 bullfrogs
  8 gnoll sergeants (Bailey)
  3 scorpions
  A water moccasin zombie (D:5)
  9 killer bees
  8 howler monkeys
  10 wights
  4 electric eels
  2 centaur zombies
  6 gnoll shamans (Bailey)
  9 komodo dragon simulacra (IceCv)
  A centaur skeleton (D:7)
  11 hounds
  14 jellies
  8 orc priests
  A bullfrog skeleton (D:5)
  5 iguanas
  A scorpion zombie (D:5)
  21 orc wizards
  6 hell rats (Lair:6)
  Robin (D:2)
  2 howler monkey zombies
  5 acid dragon simulacra (IceCv)
  8 adders
  14 gnolls (Bailey)
  2 ufetubi
  7 steam dragon simulacra (IceCv)
  2 worms
  4 dart slugs (D:2)
  66 orcs
  7 endoplasms
  A giant cockroach (D:2)
  18 goblins
  12 hobgoblins
  12 kobolds
  3 quokkas
  5 ball pythons
  3 bats
  A frilled lizard (D:2)
  6 rats
986 creatures vanquished.

Vanquished Creatures (others)
  A tarantella (Spider:4)
  A centaur (Lair:4)
  A bush (Lair:6)
  31 fungi
  64 plants
98 creatures vanquished.

Grand Total: 1084 creatures vanquished

Notes
Turn   | Place    | Note
-------+----------+-------------------------------------------
     0 | D:1      | boopmooplesden the Minotaur Fighter began the quest for the
                  | Orb.
     0 | D:1      | Reached XP level 1. HP: 19/19 MP: 0/0
   331 | D:1      | Found Bibohim's Magic Scroll Shop.
   443 | D:1      | Found Citt's Weapon Boutique.
   625 | D:2      | Reached XP level 2. HP: 27/27 MP: 1/1
   632 | D:2      | You fall into a shaft and drop 2 floors!
   784 | D:3      | Reached XP level 3. HP: 29/33 MP: 2/2
   964 | D:2      | Found a faded altar of an unknown god.
   988 | D:2      | Reached skill level 3 in Axes
  1011 | D:2      | Noticed Robin
  1036 | D:2      | Killed Robin
  1037 | D:2      | Reached XP level 4. HP: 24/41 MP: 3/3
  1836 | D:2      | Gained mutation: You have large cloven feet. [potion of
                  | mutation]
  1836 | D:2      | Gained mutation: Your natural rate of healing is unusually
                  | fast. [potion of mutation]
  1836 | D:2      | Gained mutation: You have an increased reservoir of magic.
                  | (+10% MP) [potion of mutation]
  1933 | D:3      | Reached skill level 4 in Axes
  1933 | D:3      | Reached XP level 5. HP: 47/47 MP: 4/4
  1941 | D:3      | Found an opulent altar of Gozag.
  2436 | D:3      | Noticed an orc warrior
  2466 | D:3      | Reached skill level 1 in Dodging
  2466 | D:3      | Reached skill level 5 in Shields
  2472 | D:3      | Killed an orc warrior
  2473 | D:3      | Reached XP level 6. HP: 5/53 MP: 5/5
  2475 | D:3      | Reached skill level 5 in Armour
  3065 | D:4      | Found a burning altar of Makhleb.
  3086 | D:4      | Found a shadowy altar of Dithmenos.
  3211 | D:4      | Identified the +1 ring mail "Waukuf" {Dex+2}
  3328 | D:4      | Noticed Sigmund
  3331 | D:4      | Killed Sigmund
  3332 | D:4      | Reached skill level 5 in Axes
  3459 | D:4      | Reached skill level 5 in Fighting
  3459 | D:4      | Reached XP level 7. HP: 56/61 MP: 6/6
  3706 | D:5      | Entered Level 5 of the Dungeon
  3833 | D:5      | Reached skill level 6 in Axes
  4138 | D:5      | Noticed Pikel
  4143 | D:5      | Found a broken altar of Ashenzari.
  4173 | D:5      | Killed Pikel
  4174 | D:5      | Reached skill level 7 in Axes
  4174 | D:5      | Reached XP level 8. HP: 48/71 MP: 7/7
  4324 | D:5      | Reached skill level 8 in Axes
  4650 | D:6      | Found a blossoming altar of Fedhas.
  4686 | D:6      | Reached skill level 1 in Stealth
  5123 | D:6      | Reached XP level 9. HP: 73/78 MP: 8/8
  5137 | D:6      | Reached skill level 9 in Axes
  5212 | D:7      | Found a staircase to the Ecumenical Temple.
  5229 | Temple   | Entered the Ecumenical Temple
  5242 | Temple   | Became a worshipper of Warmaster Okawaru
  5668 | D:8      | Noticed Erica
  5679 | D:8      | Killed Erica
  5680 | D:8      | Reached skill level 10 in Axes
  5763 | D:8      | Found a sparkling altar of Nemelex Xobeh.
  5812 | D:8      | Reached * piety under Okawaru
  6221 | D:8      | Noticed a skeletal warrior
  6240 | D:8      | Killed a skeletal warrior
  6241 | D:8      | Noticed a skeletal warrior
  6242 | D:8      | Noticed Psyche
  6242 | D:8      | Noticed a skeletal warrior
  6242 | D:8      | Noticed a skeletal warrior
  6266 | D:7      | HP: 4/81 [skeletal warrior[a skeletal warrior] (11)]
  6349 | D:9      | Reached XP level 10. HP: 88/88 MP: 10/10
  6465 | D:9      | Found a staircase to the Orcish Mines.
  6473 | D:9      | Reached ** piety under Okawaru
  6491 | D:9      | Identified the +11 spear "Hiagap" {vorpal, SInv}
  6497 | D:9      | Reached skill level 11 in Axes
  6682 | D:9      | Found a shimmering blue altar of Sif Muna.
  6683 | D:9      | Found a huge runed translucent gate.
  6686 | D:9      | Found a huge runed translucent gate.
  6686 | D:9      | Found a huge runed translucent gate.
  6686 | D:9      | Noticed a manticore
  6688 | D:9      | Found a huge runed translucent gate.
  7140 | D:9      | Reached *** piety under Okawaru
  7160 | D:9      | Killed a manticore
  7161 | D:9      | Reached skill level 12 in Axes
  7162 | D:9      | Reached **** piety under Okawaru
  7172 | D:9      | Reached XP level 11. HP: 58/97 MP: 11/11
  7187 | D:9      | Reached skill level 5 in Dodging
  7189 | D:9      | Reached skill level 10 in Shields
  7465 | D:8      | Killed Psyche
  7534 | D:8      | Killed a skeletal warrior
  7650 | D:8      | Killed a skeletal warrior
  7707 | D:10     | Entered Level 10 of the Dungeon
  7728 | D:10     | Reached ***** piety under Okawaru
  7843 | D:10     | Found a bloodstained altar of Trog.
  8096 | D:10     | Found a hide-covered altar of Uskayaw.
  8096 | D:10     | Found a radiant altar of Vehumet.
  8097 | D:10     | Found a basalt altar of Yredelemnul.
  8170 | D:10     | Found a snail-covered altar of Cheibriados.
  8420 | D:11     | Noticed a two-headed ogre
  8434 | D:10     | Killed a two-headed ogre
  8457 | D:11     | Found a staircase to the Lair.
  8463 | D:11     | Found a flagged portal.
  8489 | Bailey   | Entered a bailey
  8499 | Bailey   | Reached skill level 13 in Axes
  8654 | Bailey   | Reached skill level 10 in Armour
  8710 | Bailey   | Received a gift from Okawaru
  8728 | Bailey   | Found the +0 mask of the Dragon {Will+ Slay+3 SInv}
  8898 | D:11     | Noticed a two-headed ogre
  8906 | D:11     | Killed a two-headed ogre
  8907 | D:11     | Reached skill level 10 in Fighting
  8965 | D:11     | Noticed a two-headed ogre
  8971 | D:11     | Killed a two-headed ogre
  8992 | D:11     | Reached XP level 12. HP: 74/106 MP: 10/12
  9332 | Lair:1   | Entered Level 1 of the Lair of Beasts
  9445 | Lair:1   | Noticed Gastronok
  9459 | Lair:1   | Killed Gastronok
  9460 | Lair:1   | Reached skill level 14 in Axes
  9478 | Lair:1   | Noticed Maggie
  9490 | Lair:1   | Killed Maggie
  9490 | Lair:1   | Identified the +9 war axe "Uleredeo" {vorpal, +Blink Dex+2}
                  | (Okawaru gifted it to you on level 1 of the Lair of Beasts)
  9490 | Lair:1   | Received a gift from Okawaru
 10257 | Lair:2   | Noticed a seven-headed hydra
 10264 | Lair:2   | Killed a five-headed hydra
 10264 | Lair:2   | Reached ****** piety under Okawaru
 10265 | Lair:2   | Reached skill level 15 in Axes
 10274 | Lair:2   | Identified the +8 plate armour of Xeobekhli {-Tele Will+
                  | Regen+ Dex+2} (Okawaru gifted it to you on level 2 of the
                  | Lair of Beasts)
 10274 | Lair:2   | Received a gift from Okawaru
 10421 | Lair:2   | Noticed a six-headed hydra
 10427 | Lair:2   | Killed a nine-headed hydra
 10500 | Lair:2   | Reached XP level 13. HP: 116/116 MP: 14/14
 11042 | Lair:3   | Reached skill level 1 in Invocations
 11214 | Lair:3   | Reached skill level 16 in Axes
 11261 | Lair:3   | Received a gift from Okawaru
 11990 | Lair:4   | Found a hole to the Spider Nest.
 12117 | Lair:4   | Found an opulent altar of Gozag.
 12568 | Lair:4   | Found a staircase to the Swamp.
 12576 | Lair:4   | Received a gift from Okawaru
 12753 | Lair:5   | Reached XP level 14. HP: 68/127 MP: 15/15
 12887 | Lair:5   | Reached skill level 1 in Evocations
 13405 | Lair:6   | Entered Level 6 of the Lair of Beasts
 13438 | Lair:6   | Reached skill level 17 in Axes
 13690 | Lair:6   | Noticed Sonja
 13706 | Lair:6   | Killed Sonja
 13817 | Lair:6   | Identified the +4 hunting sling "Death Rattle" {vorpal,
                  | Stlth+} (Okawaru gifted it to you on level 6 of the Lair of
                  | Beasts)
 13817 | Lair:6   | Received a gift from Okawaru
 13887 | Lair:6   | Identified the +5 ring mail of Inference {Rampage Drain
                  | Dex+7}
 14085 | Lair:6   | Received a gift from Okawaru
 14136 | Lair:6   | Noticed Snorg
 14151 | Lair:6   | Killed Snorg
 14205 | Lair:6   | Reached skill level 15 in Shields
 14220 | Lair:6   | Found a staircase to the Slime Pits.
 14381 | Lair:6   | Reached skill level 18 in Axes
 14775 | Orc:1    | Entered Level 1 of the Orcish Mines
 14893 | Orc:1    | Noticed an orc warlord
 14899 | Orc:1    | Reached XP level 15. HP: 122/137 MP: 16/16
 14916 | Orc:1    | Killed an orc warlord
 15193 | Orc:2    | Entered Level 2 of the Orcish Mines
 15197 | Orc:2    | Found a frozen archway.
 15208 | IceCv    | Entered an ice cave
 15811 | IceCv    | Identified the ring "Wadaa" {rElec rCorr Dex+4}
 15961 | Orc:2    | Found a staircase to the Elven Halls.
 15970 | Orc:2    | Noticed an orc warlord
 15981 | Orc:2    | Identified the +2 troll leather armour of the Monkey {Will+
                  | Regen+ Str+4} (Okawaru gifted it to you on level 2 of the
                  | Orcish Mines)
 15981 | Orc:2    | Received a gift from Okawaru
 15987 | Orc:2    | Killed an orc warlord
 16071 | Orc:2    | Found Rirhats's Weapon Boutique.
 16071 | Orc:2    | Found Vysileof's Antique Armour Shoppe.
 16072 | Orc:2    | Found Libir's Armour Shoppe.
 16072 | Orc:2    | Found Mate's Assorted Antiques.
 16304 | Orc:2    | Bought a shimmering war axe for 263 gold pieces
 16304 | Orc:2    | Identified the +6 war axe of the Kidney {speed, Will+ Int+3
                  | Stlth+} (You bought it in a shop on level 2 of the Orcish
                  | Mines)
 16854 | D:12     | Reached skill level 15 in Fighting
 17424 | D:12     | Identified the -5 helmet of Marbles {Rampage Fly Will-
                  | MP+9}
 17736 | D:13     | Received a gift from Okawaru
 18195 | D:14     | Found a gate to the Vaults.
 18602 | D:14     | Reached XP level 16. HP: 149/149 MP: 17/17
 18681 | D:14     | Found an ornate altar of the Wu Jian Council.
 19012 | D:15     | Entered Level 15 of the Dungeon
 19097 | D:15     | Received a gift from Okawaru
 19162 | D:15     | Noticed Nessos
 19170 | D:15     | Killed Nessos
 19197 | D:15     | Found a staircase to the Depths.
 19278 | D:15     | Reached skill level 19 in Axes
 19486 | D:15     | Found a hide-covered altar of Uskayaw.
 19849 | Spider:1 | Entered Level 1 of the Spider Nest
 20144 | Spider:1 | Identified the +1 chain mail of the Kettle-Drum {Dex+4}
                  | (Okawaru gifted it to you on level 1 of the Spider Nest)
 20144 | Spider:1 | Received a gift from Okawaru
 20899 | Spider:2 | Got the Reference Book on Conjuration
 20910 | Spider:2 | Identified the +9 hand crossbow of Ytsood {freeze, *Slow
                  | rElec rN+++ Int+3}
 21246 | Spider:2 | Identified the +6 arbalest of the Common Good {flame,
                  | Dex+6} (Okawaru gifted it to you on level 2 of the Spider
                  | Nest)
 21246 | Spider:2 | Received a gift from Okawaru
 21339 | Spider:3 | Identified the +1 chain mail of Gahyit {rF+ Dex+4}
 21536 | Spider:3 | Reached XP level 17. HP: 158/160 MP: 18/18
 21717 | Spider:4 | Entered Level 4 of the Spider Nest
 21813 | Spider:4 | Received a gift from Okawaru
 21974 | Spider:4 | Received a gift from Okawaru
 22119 | Spider:4 | Got a gossamer rune of Zot
 22319 | Slime:1  | Entered Level 1 of the Pits of Slime
 22329 | Slime:1  | Gained mutation: You occasionally shout uncontrollably at
                  | your foes. [a shining eye]
 22442 | Slime:3  | Noticed an acid blob
 22453 | Slime:3  | Killed an acid blob
 22469 | Slime:4  | Gained mutation: You are weak. (Str -2) [a shining eye]
 22474 | Slime:4  | Gained mutation: Armour fits poorly on your strangely
                  | shaped body. [a shining eye]
 22476 | Slime:4  | Gained mutation: Your body sometimes deteriorates upon
                  | taking damage. [a shining eye]
 22477 | Slime:4  | Gained mutation: Potions are less effective at restoring
                  | your health. [a shining eye]
 22487 | Slime:4  | Noticed an acid blob
 22496 | Slime:4  | Killed an acid blob
 22503 | Slime:5  | Entered Level 5 of the Pits of Slime
 22508 | Slime:5  | Noticed an acid blob
 22517 | Slime:5  | Killed an acid blob
 22524 | Slime:5  | Lost mutation: Your natural rate of healing is unusually
                  | fast. [a shining eye]
 22533 | Slime:5  | Reached skill level 20 in Axes
 22550 | Slime:5  | Noticed an acid blob
 22556 | Slime:5  | Noticed the Royal Jelly
 22560 | Slime:5  | Killed an acid blob
 22567 | Slime:5  | Noticed an acid blob
 22572 | Slime:5  | HP: 4/163 [quicksilver ooze[the Royal Jelly] (6)]
 22573 | Slime:5  | Slain by the Royal Jelly

Illustrated notes

Levels and vault maps discovered:
D:1:      dpeg_arrival_ternary, layout_rooms, serial_shops, shop_statue,
          nicolae_lakefront_shop, grunt_decor_mini_mirrors,
          kennysheep_another_room
D:2:      layout_basic, chequers_ecumenical_altar_grove, uniq_robin
D:3:      layout_basic, grunt_gozag_breadcrumbs, dk_noncrumbling_2,
          minmay_cut_off
D:4:      cheibrodos_thug_alley, layout_loops_ring,
          mainiacjoe_overflow_two_lobes, minmay_misc_feat_roman, uniq_sigmund
D:5:      layout_gridville, mainiacjoe_overflow_alcove_1,
          grunt_decor_resistance, uniq_pikel
D:6:      layout_rooms, fedhas_altar_3, serial_corexii_hall,
          corexii_hall_statues_x, corexii_hall_statues_deadend, st_stairs_7,
          minivault_5
D:7:      layout_rooms, minmay_temple_entry_grid
D:8:      layout_basic, old_standard_altar, uniq_erica, uniq_psyche
D:9:      lemuel_bear_cage, layout_basic, mainiacjoe_overflow_small_starburst,
          david_orc_2
D:10:     layout_roguey, mainiacjoe_overflow_paths,
          nicolae_overflow_quartered_altars, statue_in_the_mist_lemuel,
          grunt_ministairs_10
D:11:     layout_rooms, erik_lair_island, enter_bailey_3, skrybe_limestone_x,
          library_closet
D:12:     layout_irregular_city, minivault_20, serial_bayou_pond_c
D:13:     layout_basic
D:14:     layout_loops_ring, david_vaults_2, pdpol_wu_jian_five_deadly_venoms,
          st_stairs_14
D:15:     hangedman_depths_entry_civil_slaughter, layout_basic,
          nicolae_uskayaw_dance_hall, uniq_nessos
Temple:   compressed_dpeg_circular_temple
Lair:1:   layout_regular_city, grunt_forest_small_clearing_treed,
          lemuel_fruit_tree, uniq_maggie, uniq_gastronok
Lair:2:   layout_regular_city, grunt_forest_stairs_clearing
Lair:3:   layout_hall_layers
Lair:4:   layout_long_grid, skrybe_swamp_entry_bodies,
          nicolae_spider_entry_tight_spaces, lemuel_centaur_altar,
          infiniplex_staircase_pool
Lair:5:   layout_regular_city, lemuel_fruit_fields, grunt_megastairs_5,
          minmay_lair_oklob_chamber
Lair:6:   hangedman_lair_caniforms_friends, layout_misc_corridors,
          guppyfry_lair_end_dragon, minmay_slime_entry_jelly_boxes, uniq_snorg,
          uniq_sonja
Spider:1: layout_spider_delve, hangedman_spider_mandibles
Spider:2: layout_spider_delve
Spider:3: layout_spider_delve
Spider:4: guppyfry_spider_rune, nicolae_spider_twisty_arc_passages
Slime:1:  layout_caves
Slime:2:  layout_caves
Slime:3:  layout_caves
Slime:4:  layout_caves
Slime:5
Orc:1:    layout_caves, ebering_ghost_rock_garden
Orc:2:    st_orc_ogre_mass, layout_caves, portal_ice_cave_entry_pillars_2

Skill      XL: |  1  2  3  4  5  6  7  8  9 10 11 12 13 14 15 16 17 |
---------------+----------------------------------------------------+-----
Shields        | 4 5 6 7 9 11 12 14 15 16 18 19 | 19.1
Fighting       | 4 5 6 8 9 10 11 12 13 15 16 17 | 17.7
Axes           | 3 4 5 7 8 10 12 13 15 16 18 19 20 | 20.0
Armour         | 4 5 6 7 8 9 10 11 12 13 14 | 14.6
Dodging        | 1 2 3 4 6 7 8 |  8.0
Stealth        | 1 2 3 |  3.7
Invocations    | 1 |  1.6
Evocations     | 1 |  1.8
Throwing       | |  0.3

Action                   |  1- 3 |  4- 6 |  7- 9 | 10-12 | 13-15 | 16-18 || total
-------------------------+-------+-------+-------+-------+-------+-------++-------
Melee: War axe           |    66 |   103 |   160 |   458 |   609 |   634 ||  2030
       Headbutt          |    13 |    14 |    40 |   137 |   264 |   205 ||   673
       Kick              |       |    13 |    36 |       |       |       ||    49
       Broad axe         |       |       |       |    12 |   277 |     6 ||   295
Throw: Boomerang         |       |     1 |       |     2 |       |       ||     3
Invok: Heroism           |       |       |     1 |     7 |     6 |     9 ||    23
Evoke: Wand              |       |       |       |       |    19 |       ||    19
       Piece from Xom's  |       |       |       |       |     2 |       ||     2
  Use: Scroll            |       |     4 |    11 |     1 |     6 |     1 ||    23
       Potion            |       |     3 |       |       |     1 |     1 ||     5
 Stab: Petrified         |       |       |       |       |     6 |       ||     6
       Petrifying        |       |       |       |       |     4 |       ||     4
       Held in net/web   |       |       |       |       |       |     5 ||     5
Armor: Scale mail        |    43 |    41 |       |       |       |       ||    84
       Ring mail         |       |     2 |    43 |   127 |       |       ||   172
       Chain mail        |       |     1 |       |       |       |       ||     1
       Plate armour      |       |       |       |    11 |   419 |   329 ||   759
Dodge: Dodged            |    23 |    32 |    62 |   220 |   292 |   226 ||   855
Block: Kite shield       |    49 |    56 |    78 |   366 |   756 |   645 ||  1950
